 Dungeon Crawl Stone Soup version 0.18-a0-1197-g8004e50 (webtiles) character file.

707 miau the Destroyer (level 7, -2/35 HPs)
             Began as a Felid Conjurer on Jan 30, 2016.
             Was a Follower of Dithmenos.
             Slain by a big kobold (4 damage)
             ... on level 7 of the Dungeon.
             The game lasted 00:44:32 (10294 turns).

miau the Destroyer (Felid Conjurer)                Turns: 10294, Time: 00:44:33

Health: -2/35      AC:  2    Str:  7    XL:     7   Next: 40%
Magic:  19/19      EV: 21    Int: 17    God:    Dithmenos [*.....]
Gold:   308        SH:  0    Dex: 16    Spells: 4 memorised, 11 levels left
                                        Lives:  0   Deaths: 2

rFire  . . .     SeeInvis +     (weapon unavailable)
rCold  . . .     Gourm    .     (armour unavailable)
rNeg   . . .     Faith    .     (shield unavailable)
rPois  .         Spirit   .     (helmet unavailable)
rElec  .         Dismiss  +     (cloak unavailable)
rCorr  .         Reflect  .     (gloves unavailable)
SustAt .         Harm     .     (boots unavailable)
MR     +....                    i - amulet of dismissal
Stlth  +++++.....               (no ring)
                                p - ring of flight

@: wreathed by umbra, quick, somewhat resistant to hostile enchantments, quite
stealthy
A: no armour, no weapons or thrown items, claws 1, fangs 3, see invisible,
carnivore 3, speed 1, shaggy fur 2, slow metabolism 1, sharp paws
a: Renounce Religion, Evoke Flight


You were on level 7 of the Dungeon.
You worshipped Dithmenos.
Dithmenos was aware of your devotion.
You were not hungry.

You visited 2 branches of the dungeon, and saw 8 of its levels.

You collected 308 gold pieces.

Inventory:

Jewellery
 d - an uncursed amulet of guardian spirit
 i - an amulet of dismissal (around neck)
 p - a ring of flight (left paw)
Scrolls
 c - 2 scrolls of magic mapping
 e - 3 scrolls of identify
 h - 4 scrolls of remove curse
 j - 2 scrolls of blinking
 k - 2 scrolls of teleportation
 n - 2 scrolls of random uselessness
Potions
 f - a potion of flight
 g - 2 potions of agility
 l - a potion of brilliance
 o - 4 potions of curing
Books
 a - a book of Conjurations

   Spells                             Type                      Level
   a - Magic Dart                     Conjuration                  1
   b - Searing Ray                    Conjuration                  2
   c - Dazzling Spray                 Conjuration/Hexes            3
   d - Fulminant Prism                Conjuration/Hexes            4
   e - Iskenderun's Mystic Blast      Conjuration                  4
   f - Iskenderun's Battlesphere      Conjuration/Charms           5
 m - a book of Geomancy

   Spells                             Type                      Level
   a - Sandblast                      Earth                        1
   b - Stoneskin                      Transmutation/Earth          2
   c - Passwall                       Transmutation/Earth          3
   d - Stone Arrow                    Conjuration/Earth            3
   e - Petrify                        Transmutation/Earth          4
   f - Lee's Rapid Deconstruction     Earth                        5
Comestibles
 b - 4 meat rations


   Skills:
 * Level 6.8 Fighting
 + Level 6.0 Dodging
 + Level 6.2 Stealth
 + Level 7.6 Spellcasting
 + Level 8.1 Conjurations
 - Level 1.1 Hexes
   Level 3.0 Poison Magic
 + Level 3.2 Invocations
 + Level 3.6 Evocations


You had 11 spell levels left.
You knew the following spells:

 Your Spells              Type           Power        Failure   Level  Hunger
a - Searing Ray           Conj           ####..       1%          2    None
b - Iskenderun's Mystic   Conj           ####....     4%          4    ####...
y - Dazzling Spray        Conj/Hex       ###.....     6%          3    ##.....
z - Magic Dart            Conj           ####         1%          1    None


Dungeon Overview and Level Annotations

Branches:
Dungeon (7/15)             Temple (1/1) D:4

Altars:
Ashenzari
Cheibriados
Dithmenos
Fedhas
Gozag
Kikubaaqudgha
Makhleb
Nemelex Xobeh
Okawaru
Pakellas
Qazlal
Ru
Sif Muna
Trog
Vehumet
Xom
Yredelemnul

Shops:
D:4 (   D:6 (?}%

Annotations:
D:2 !, Sigmund


Innate Abilities, Weirdness & Mutations

You cannot wear armour.
You are incapable of wielding weapons or throwing items.
You have sharp claws.
You have razor-sharp teeth.
You have supernaturally acute eyesight.
You are carnivorous and can eat meat at any time.
You cover ground quickly.
You are covered in thick fur (AC +2).
You have a slow metabolism.
Your sharp claws are effective at attacking unaware monsters.


Message History

The big kobold closely misses you. The giant cockroach closely misses you.
The giant cockroach misses you. The big kobold hits you.
* * * LOW HITPOINT WARNING * * *
The giant cockroach barely misses you. The big kobold misses you.
The giant cockroach misses you. The big kobold hits you.
* * * LOW HITPOINT WARNING * * *
The giant cockroach misses you. The big kobold completely misses you.
The giant cockroach misses you. The big kobold completely misses you.
The giant cockroach barely misses you. The giant cockroach misses you.
The big kobold misses you. The giant cockroach misses you.
The big kobold misses you. The giant cockroach closely misses you.
The big kobold hits you.
* * * LOW HITPOINT WARNING * * *
The giant cockroach completely misses you.
The big kobold misses you. The giant cockroach misses you.
The big kobold completely misses you.
The giant cockroach completely misses you.
The giant cockroach closely misses you. The big kobold completely misses you.
The giant cockroach misses you. The big kobold hits you.
You die...

....# #.# #. #..# .# ..### ##.
#..### .##....#### ##.. #...#
..#.# ...### ##..# #
#.#.#####...#####...####..##
######.#.....(.......##........##
##.....#####.........##..<.....##
...##### #.....>...##........#
.##### #.[..@(..(##........#
....... .......s.K...##........#
####### ####.....######........#
# ###$.... ########## # #..... #
##....# ######


You could see a big kobold and a giant cockroach.

Vanquished Creatures
  3 ogres (D:5)
  2 centaurs
  3 giant frogs (D:6)
  3 scorpions
  4 crimson imps
  An orc priest (D:2)
  Crazy Yiuf (D:6)
  A giant frog skeleton (D:5)
  4 worker ants
  Ijyb (D:2)
  A hound zombie (D:5)
  15 adders
  A shadow imp (D:5)
  2 oozes
  6 worms
  5 giant geckos
  15 orcs
  2 giant cockroaches
  10 goblins
  10 hobgoblins
  10 jackals
  4 kobolds
  2 quokkas
  5 ball pythons
  14 bats
  A giant gecko skeleton (D:4)
  3 giant newts
  5 rats
  A fungus (D:6)
135 creatures vanquished.

Vanquished Creatures (others)
  A kobold (D:7)
1 creature vanquished.

Grand Total: 136 creatures vanquished

Notes
Turn   | Place    | Note
--------------------------------------------------------------
     0 | D:1      | miau the Felid Conjurer began the quest for the Orb.
     0 | D:1      | Reached XP level 1. HP: 7/7 MP: 4/4
   561 | D:1      | Reached XP level 2. HP: 11/11 MP: 1/6
   733 | D:1      | Reached skill level 4 in Conjurations
   737 | D:1      | Learned a level 2 spell: Searing Ray
  1458 | D:1      | Reached XP level 3. HP: 15/15 MP: 4/7
  1900 | D:2      | Found a shadowy altar of Dithmenos.
  2008 | D:2      | Noticed Ijyb
  2357 | D:2      | Reached skill level 1 in Fighting
  2358 | D:2      | Found a basalt altar of Yredelemnul.
  2517 | D:2      | Killed Ijyb
  2517 | D:2      | Reached XP level 4. HP: 19/19 MP: 2/8
  3457 | D:2      | Noticed Sigmund
  3831 | D:3      | Reached XP level 5. HP: 22/22 MP: 2/10
  3837 | D:3      | Learned a level 4 spell: Iskenderun's Mystic Blast
  4448 | D:3      | Reached skill level 5 in Conjurations
  4840 | D:3      | Learned a level 3 spell: Dazzling Spray
  5539 | D:4      | Found a staircase to the Ecumenical Temple.
  5547 | Temple   | Entered the Ecumenical Temple
  5823 | D:4      | Found Sunen's Antique Weapon Shop.
  6072 | D:4      | Gained mutation: You are covered in thick fur (AC +2). [Felid growth]
  6072 | D:4      | Reached XP level 6. HP: 15/27 MP: 1/12
  6500 | D:4      | Reached skill level 1 in Hexes
  6622 | D:2      | Became a worshipper of Dithmenos the Shadowed
  6722 | D:5      | Entered Level 5 of the Dungeon
  7187 | D:5      | Reached XP level 7. HP: 29/31 MP: 1/14
  7904 | D:5      | Reached skill level 6 in Conjurations
  8217 | D:5      | Found a shimmering altar of Xom.
  8221 | D:5      | Found a shadowy altar of Dithmenos.
  8323 | D:5      | Found a radiant altar of Vehumet.
  8387 | D:5      | Reached skill level 5 in Spellcasting
  8718 | D:6      | Found Qicwaheo's Magic Scroll Boutique.
  8727 | D:6      | Found Boraen's Food Shoppe.
  8893 | D:6      | Found Buz Cou's Weapon Shoppe.
  8904 | D:6      | Reached XP level 8. HP: 36/36 MP: 13/17
  9131 | D:6      | Reached * piety under Dithmenos
  9753 | D:6      | Found Asmaopn's Gadget Boutique.
  9970 | D:6      | Noticed Crazy Yiuf
  9976 | D:6      | Killed Crazy Yiuf
 10160 | D:7      | Reached skill level 7 in Spellcasting
 10160 | D:7      | Reached skill level 8 in Conjurations
 10160 | D:7      | Reached XP level 9. HP: 38/42 MP: 18/21
 10198 | D:7      | Noticed a komodo dragon
 10210 | D:7      | Slain by a komodo dragon
 10211 | D:7      | Reached XP level 8. HP: -4/39 MP: 3/20
 10232 | D:7      | Slain by a komodo dragon
 10233 | D:7      | Reached XP level 7. HP: -3/35 MP: 19/19
 10290 | D:7      | HP: 1/35 [big kobold (1)]
 10294 | D:7      | Slain by a big kobold

Vault maps used:
D:1:      noname_arrival_rooms_in_the_neighbourhood
D:2:      yredelemnul_altar_generic, grunt_dithmenos_smoke_and_mirrors,
          uniq_iyjb, uniq_sigmund
D:3:      first_bread, minmay_shallow_snake_nest
D:4:      serial_shops, kennysheep_little_box, kennysheep_generic_room_15
D:5:      kennysheep_mini, minitemple
D:6:      serial_shops, nicolae_shop_behind_doors, shop, nicolae_shop_crystal,
          shop, uniq_crazy_yiuf_cottage
D:7:      grunt_ministairs_7, grunt_livestock, minmay_crystal_room
Temple:   circular_temple_13

Action                   |  1- 3 |  4- 6 |  7- 9 || total
-------------------------+-------+-------+-------++-------
Melee: Unarmed           |     7 |     4 |     6 ||    17
 Cast: Magic Dart        |    59 |   131 |   112 ||   302
       Searing Ray       |    11 |    20 |     8 ||    39
       Dazzling Spray    |       |     8 |     9 ||    17
       Iskenderun's Myst |       |     2 |    10 ||    12
  Use: Potion            |     3 |     5 |     2 ||    10
       Scroll            |     4 |     4 |     3 ||    11
  Eat: Chunk             |    11 |    11 |     9 ||    31
